Map: Megaton

Players

NoNormieHere

  • Race: Protoss Protoss
  • Spawn Location: 5:00

Chipokaw

  • Race: Protoss Protoss
  • Spawn Location: 5:00

MaxGL

  • Race: Protoss Protoss
  • League: Platinum
  • Spawn Location: 5:00

JaySlays

  • Race: Terran Terran
  • Spawn Location: 6:00

LaTrotleI

  • Race: Terran Terran
  • Spawn Location: 11:00

blackout

  • Race: Protoss Protoss
  • Spawn Location: 0:00

IIIllIlIlIIl

  • Race: Terran Terran
  • League: Diamond
  • Spawn Location: 0:00

sargento

  • Race: Terran Terran
  • Spawn Location: 12:00

VOD

Have the link to the VOD?

Description

Time

  • Played on: April 2, 2018, 8:33 p.m.
  • Length: 13:08
Show
View Real Time Build Order
Export as new Build Order

NoNormieHere Protoss 

Build Orders: 1 Gate Expand 

Get SALT Encoding   

  12  0:01  Probe  
  13  0:14  Probe  
  14  0:20  Pylon  
  14  0:26  Probe  
  15  0:39  Gateway  
  15  0:40  Probe (Chrono Boost)  
  17  0:50  Probe (Chrono Boost)  
  17  0:55  Probe (Chrono Boost)  
  18  1:07  Probe  
  19  1:19  Nexus  
  19  1:23  Probe  
  20  1:26  Assimilator  
  20  1:35  Probe  
  20  1:37  Pylon  
  21  1:44  Assimilator  
  22  1:47  Probe  
  22  1:59  Probe (Chrono Boost)  
  23  2:03  Cybernetics Core  
  23  2:11  Probe (Chrono Boost)  
  24  2:16  Probe (Chrono Boost)  
  25  2:25  Probe  
  26  2:34  Probe  
  27  2:37  Probe  
  27  2:39  Warp Gate  
  28  2:50  Probe x2  
  30  2:54  Pylon  
  30  3:00  Twilight Council  
  30  3:02  Gateway  
  30  3:04  Probe x2  
  32  3:14  Gateway  
  32  3:20  Stargate  
  32  3:25  Cybernetics Core  
  32  3:26  Probe (Chrono Boost)  
  32  3:27  Probe (Chrono Boost)  
  34  3:29  Assimilator  
  34  3:34  Assimilator  
  34  3:39  Probe x2 (Chrono Boost)  
  36  3:41  Charge (Chrono Boost)  
  36  3:47  Probe x2 (Chrono Boost)  
  38  3:53  Probe  
  38  3:54  Probe  
  40  4:05  Probe  
  40  4:06  Probe  
  42  4:14  Nexus  
  40  4:37  Void Ray  
  44  4:38  Probe  
  44  4:39  Probe  
  44  4:43  Zealot x3  
  52  4:50  Probe  
  52  4:51  Probe  
  50  5:24  Pylon x2  
  46  5:42  Probe, Void Ray  
  47  5:54  Probe x2  
  49  6:06  Probe x2  
  51  6:18  Probe  
  52  6:19  Zealot x3  
  52  6:20  Pylon  
  52  6:22  Pylon  
  58  6:33  Nexus  
  58  6:34  Probe  
  59  6:46  Pylon  
  59  6:49  Pylon, Fleet Beacon  
  59  6:51  Pylon x2  
  59  6:52  Assimilator, Protoss Air Weapons Level 1, Protoss Air Armor Level 1  
  59  6:55  Assimilator  
  59  6:58  Forge  
  59  7:02  Pylon  
  59  7:03  Stargate  
  59  7:05  Stargate  
  59  7:06  Probe x2  
  61  7:19  Probe x2 (Chrono Boost)  
  63  7:28  Zealot x2  
  63  7:29  Zealot  
  71  7:30  Probe x2 (Chrono Boost)  
  71  7:32  Carrier  
  77  7:38  Graviton Catapult  
  77  7:40  Protoss Shields Level 1 (Chrono Boost)  
  77  7:52  Photon Cannon  
  77  7:56  Photon Cannon  
  77  8:04  Photon Cannon  
  77  8:07  Oracle, Photon Cannon  
  77  8:10  Carrier  
  77  8:12  Photon Cannon  
  80  8:26  Probe x3  
  89  8:35  Shield Battery  
  89  8:38  Probe x3, Shield Battery  
  89  8:40  Photon Cannon  
  92  8:43  Photon Cannon  
  92  8:49  Zealot x2  
  92  8:50  Probe x2  
  92  8:55  Pylon, Zealot  
  100  9:00  Pylon  
  100  9:09  Carrier  
  112  9:17  Carrier (Chrono Boost)  
  104  9:49  Protoss Shields Level 2 (Chrono Boost)  
  104  9:52  Protoss Air Weapons Level 2 (Chrono Boost)  
  104  9:53  Protoss Air Armor Level 2 (Chrono Boost)  
  110  10:03  Carrier (Chrono Boost)  
  110  10:14  Stargate  
  110  10:32  Pylon, Carrier (Chrono Boost)  
  110  10:35  Pylon  
  116  10:42  Zealot x3  
  128  10:45  Carrier (Chrono Boost)  
  128  10:59  Pylon  
  128  11:01  Pylon  
  128  11:05  Photon Cannon  
  128  11:09  Pylon  
  128  11:11  Photon Cannon  
  128  11:22  Carrier  
  134  11:28  Carrier  
  140  11:34  Zealot x3  
  146  11:44  Gateway  
  146  11:46  Gateway  
  146  11:47  Gateway  
  146  11:48  Gateway  
  146  11:49  Gateway  
  115  12:35  Nexus  
  115  12:42  Pylon x2  
  115  12:44  Pylon x2, Stalker x5  
  117  12:45  Stalker  
  117  12:46  Stalker  
  117  12:47  Stalker  
  121  13:02  Photon Cannon  
  121  13:03  Photon Cannon  
  121  13:04  Photon Cannon x2  
  121  13:05  Photon Cannon  
Show
View Real Time Build Order
Export as new Build Order

Chipokaw Protoss 

Build Orders:  

Get SALT Encoding   

  12  0:04  Probe  
  13  0:15  Pylon  
  13  0:18  Probe  
  14  0:30  Probe  
  15  0:36  Gateway  
  15  0:43  Probe  
  16  0:52  Forge  
  16  0:56  Probe  
  17  1:08  Probe  
  18  1:12  Pylon  
  18  1:25  Assimilator  
  18  1:29  Zealot  
  20  1:39  Photon Cannon  
  20  1:52  Cybernetics Core  
  20  1:53  Probe  
  21  1:59  Zealot  
  23  2:04  Pylon  
  23  2:05  Probe  
  24  2:31  Zealot  
  26  2:45  Assimilator  
  26  2:48  Pylon  
  26  2:56  Twilight Council  
  26  3:08  Probe  
  27  3:20  Probe  
  27  3:22  Nexus  
  28  3:31  Photon Cannon, Zealot  
  28  3:32  Probe, Charge (Chrono Boost)  
  31  3:40  Gateway  
  31  4:03  Probe  
  31  4:08  Gateway  
  32  4:14  Pylon  
  32  4:15  Probe  
  33  4:27  Probe  
  34  4:43  Zealot  
  34  4:44  Zealot  
  39  4:45  Probe  
  39  4:52  Probe  
  40  4:57  Probe  
  41  5:04  Probe  
  38  5:25  Zealot  
  36  5:31  Robotics Facility  
  36  5:42  Zealot x2  
  38  5:52  Zealot  
  40  6:00  Probe  
  41  6:05  Pylon  
  41  6:06  Probe, Pylon  
  41  6:09  Zealot  
  38  6:13  Probe  
  38  6:17  Pylon  
  38  6:18  Probe  
  40  6:25  Probe  
  41  6:28  Observer  
  41  6:30  Probe  
  43  6:37  Probe  
  40  6:41  Photon Cannon  
  40  6:42  Probe  
  40  6:46  Pylon  
  41  6:48  Stalker  
  41  6:49  Probe, Stalker x2  
  41  6:50  Observer  
  49  7:07  Photon Cannon  
  49  7:09  Probe  
  49  7:10  Photon Cannon  
  49  7:11  Observer  
  51  7:19  Zealot x3  
  51  7:21  Probe  
  51  7:22  Photon Cannon  
  58  7:43  Probe  
  59  7:55  Probe  
  50  8:24  Probe  
  51  8:27  Zealot x2  
  51  8:28  Zealot  
  57  8:36  Probe  
  58  8:41  Nexus  
  58  8:48  Probe  
  59  8:54  Zealot  
  61  9:00  Probe  
  36  9:12  Probe  
  26  9:38  Zealot x3  
  32  9:48  Probe  
  32  9:52  Protoss Ground Weapons Level 1  
  33  9:54  Nexus  
  33  10:00  Probe  
  33  10:05  Zealot x2  
  38  10:15  Photon Cannon  
  38  10:19  Photon Cannon  
  38  10:26  Assimilator  
  38  10:31  Assimilator  
  35  10:46  Observer  
  36  10:57  Zealot x3  
  42  11:08  Probe, Observer  
  44  11:20  Probe  
  39  11:29  Probe, Observer  
  39  11:32  Probe  
  41  11:41  Probe  
  41  11:44  Probe  
  43  11:54  Probe  
  40  12:02  Stalker x3  
  40  12:06  Probe  
  43  12:26  Probe  
Show
View Real Time Build Order
Export as new Build Order

MaxGL Protoss 

Build Orders:  

Get SALT Encoding   

  12  0:02  Probe  
  13  0:18  Pylon, Probe  
  14  0:34  Assimilator  
  14  0:42  Gateway  
  14  0:44  Probe  
  15  1:04  Assimilator  
  15  1:07  Gateway  
  15  1:14  Gateway  
  15  1:18  Probe  
  16  1:34  Cybernetics Core  
  16  1:37  Probe  
  17  1:49  Probe  
  18  1:57  Pylon  
  18  2:02  Probe, Warp Gate (Chrono Boost)  
  19  2:11  Probe  
  20  2:19  Probe  
  21  2:30  Probe  
  22  2:38  Pylon  
  22  2:42  Probe  
  23  2:53  Pylon  
  23  2:54  Probe  
  24  3:06  Gateway  
  24  3:25  Twilight Council  
  24  3:44  Stalker  
  24  3:45  Stalker x2  
  30  4:01  Stalker  
  30  4:02  Blink (Chrono Boost)  
  31  4:17  Stalker  
  31  4:18  Stalker  
  31  4:19  Sentry  
  37  4:33  Sentry  
  39  4:41  Probe  
  39  4:42  Forge  
  40  4:47  Stalker  
  40  4:48  Stalker  
  40  4:49  Stalker  
  44  5:33  Robotics Facility  
  42  5:35  Photon Cannon  
  42  5:39  Pylon  
  42  5:53  Stalker x2  
  46  6:19  Photon Cannon  
  46  6:20  Photon Cannon, Observer (Chrono Boost)  
  47  6:38  Observer  
  48  6:42  Stalker x2  
  48  6:43  Stalker  
  50  7:17  Stalker x2  
  53  7:37  Stalker  
  42  8:06  Stalker  
  42  8:07  Stalker x2  
  42  8:11  Protoss Ground Weapons Level 1 (Chrono Boost)  
  49  8:13  Observer  
  25  9:17  Robotics Facility  
  25  9:19  Robotics Facility  
  25  9:28  Pylon  
  25  9:51  Robotics Facility  
  25  9:53  Probe  
  25  9:56  Pylon  
  25  9:58  Protoss Ground Weapons Level 2  
  26  10:01  Immortal  
  26  10:04  Photon Cannon  
  30  10:20  Observer  
  30  10:35  Robotics Bay  
  30  10:53  Probe  
  31  10:58  Immortal x2  
  31  11:00  Immortal  
  43  11:05  Probe  
  43  11:07  Nexus  
  43  11:09  Observer  
  43  11:10  Pylon  
  44  11:15  Pylon  
  44  11:17  Probe  
  45  11:18  Assimilator  
  45  11:23  Assimilator  
  45  11:29  Probe  
  46  11:46  Immortal x2  
  54  11:50  Stalker  
  54  11:51  Stalker  
  46  12:27  Probe  
  47  12:30  Probe  
  47  12:32  Observer  
Show
View Real Time Build Order
Export as new Build Order

JaySlays Terran 

Build Orders: MMM Bio 

Get SALT Encoding   

  12  0:01  SCV  
  13  0:15  Supply Depot  
  13  0:18  SCV  
  14  0:30  SCV  
  14  0:31  Refinery  
  15  0:42  SCV  
  16  0:51  Barracks  
  16  0:54  SCV  
  17  1:03  Refinery  
  17  1:06  SCV  
  18  1:17  Supply Depot  
  18  1:18  SCV  
  19  1:30  SCV  
  20  1:42  Factory  
  20  1:47  Orbital Command  
  20  2:02  Engineering Bay  
  20  2:19  Barracks Reactor  
  20  2:22  SCV  
  21  2:27  Factory Reactor  
  21  2:37  Starport  
  21  2:40  SCV  
  22  2:52  SCV  
  22  2:56  Barracks  
  23  2:59  Barracks, Marine x2  
  23  3:02  Terran Infantry Weapons Level 1  
  25  3:11  SCV  
  26  3:16  Factory Tech Lab  
  26  3:21  Marine x2  
  26  3:24  SCV  
  29  3:29  Engineering Bay  
  29  3:36  Armory  
  29  3:42  Marine x2  
  31  3:52  Supply Depot  
  31  3:53  Barracks Reactor  
  31  3:54  Barracks Tech Lab  
  31  4:13  Marine x2  
  33  4:22  Command Center  
  33  4:25  Marine  
  33  4:31  Marine x2  
  34  4:35  Medivac  
  34  4:36  Marine  
  39  4:42  Supply Depot, Terran Infantry Armor Level 1  
  39  4:43  Supply Depot  
  39  4:56  Marine  
  39  4:57  Marine  
  39  4:58  Medivac  
  36  5:03  Marine x3  
  39  5:14  Marine x2  
  39  5:17  Stimpack  
  39  5:20  Marine x2  
  39  5:21  Marine  
  42  5:32  Marine x2  
  42  5:33  Medivac  
  46  5:38  Marine  
  43  6:08  Marine x3  
  43  6:10  Terran Infantry Weapons Level 2  
  46  6:14  Medivac  
  46  6:16  Marine x2  
  50  6:26  Marine  
  51  6:40  Terran Infantry Armor Level 2  
  51  6:43  Marine x2  
  51  6:44  Marine  
  54  6:50  Command Center  
  54  6:51  Marine  
  55  6:58  Supply Depot  
  55  7:20  Marine x5  
  60  7:23  Supply Depot  
  60  7:26  Combat Shields  
  60  7:31  Medivac  
  62  7:37  Marine  
  63  7:44  Marine x2  
  63  7:46  Supply Depot  
  63  7:47  Missile Turret  
  65  7:53  Marine x2  
  65  7:55  Marine  
  68  8:02  Missile Turret  
  68  8:05  SCV  
  68  8:06  Sensor Tower, Orbital Command  
  68  8:10  Marine x2  
  68  8:11  Marine  
  72  8:17  SCV  
  73  8:24  Medivac  
  73  8:25  Marine  
  76  8:30  SCV  
  77  8:42  SCV  
  77  8:43  Terran Infantry Weapons Level 3  
  77  8:48  Marine x2  
  78  8:52  Concussive Shells  
  78  8:53  Marine x3  
  78  8:54  SCV  
  84  8:59  Supply Depot  
  84  9:06  Marine x2  
  86  9:10  Marine  
  87  9:22  Supply Depot, Marine  
  87  9:23  Marine  
  87  9:24  Marine x2  
  90  9:28  Marine  
  50  9:40  Marine x2  
  50  9:41  Marine  
  50  9:42  Marine  
  54  9:46  Marine  
  55  9:52  Barracks  
  55  9:58  Marine x2  
  55  9:59  Marine x2  
  58  10:01  Terran Infantry Armor Level 3  
  58  10:04  Marine  
  60  10:16  Marine x2  
  60  10:17  Marine  
  63  10:27  SCV  
  63  10:28  SCV  
  65  10:30  Marine x2  
  65  10:34  Marine x2  
  65  10:35  Marine  
  70  10:38  Siege Tank  
  70  10:39  SCV  
  70  10:40  Barracks, SCV  
  70  10:41  Terran Vehicle Weapons Level 1  
  75  10:47  Marine  
  75  10:48  Barracks Reactor  
  76  10:51  SCV  
  76  10:52  SCV  
  78  10:59  Refinery  
  78  11:00  Refinery  
  78  11:38  Missile Turret  
  78  11:39  Marine  
  78  11:40  Marine x4  
  78  11:42  Barracks Reactor  
  83  11:55  Marine x2  
  83  11:57  Marine x2  
  83  11:58  Marine, Siege Tank  
  91  12:05  Hi-Sec Auto Tracking  
  58  12:21  Marine, Reaper  
  58  12:22  Marine x7  
  67  12:30  Siege Tank  
  70  12:39  Marine  
  70  12:40  Marine x6  
  77  12:50  Marine  
Show
View Real Time Build Order
Export as new Build Order

LaTrotleI Terran 

Build Orders:  

Get SALT Encoding   

  12  0:11  SCV  
  13  0:20  Supply Depot  
  13  0:23  SCV  
  14  0:35  SCV  
  15  0:47  SCV  
  16  0:54  Refinery  
  16  0:58  Barracks  
  16  0:59  SCV  
  17  1:11  SCV  
  17  1:14  Refinery  
  18  1:23  SCV  
  19  1:36  SCV  
  20  1:44  Command Center  
  20  2:03  Ghost Academy  
  20  2:04  SCV  
  21  2:19  Orbital Command  
  21  2:23  Barracks Tech Lab  
  21  2:36  Personal Cloaking  
  21  2:50  Supply Depot  
  21  2:56  Ghost  
  23  3:07  Orbital Command  
  23  3:11  SCV  
  24  3:23  SCV  
  24  3:24  Engineering Bay  
  25  3:29  Ghost  
  27  3:52  Ghost Academy  
  26  3:57  Missile Turret  
  26  3:59  Ghost  
  28  4:09  Factory  
  28  4:12  SCV x2  
  30  4:19  Supply Depot  
  30  4:39  SCV  
  31  4:48  Ghost Academy  
  30  4:55  Nuke x2  
  30  5:14  Ghost  
  32  5:27  Nuke  
  32  5:37  Command Center  
  32  5:39  Command Center  
  32  5:57  Nuke x2  
  32  6:35  Nuke  
  32  6:38  Ghost Academy  
  32  6:59  Planetary Fortress  
  28  7:19  Orbital Command  
  28  7:26  Refinery  
  28  7:27  Ghost  
  30  7:32  Barracks  
  29  7:50  Refinery  
  29  7:51  Hi-Sec Auto Tracking  
  29  8:02  Ghost  
  29  8:04  SCV  
  29  8:05  SCV x2  
  34  8:17  SCV  
  33  8:20  Barracks Tech Lab  
  33  8:23  Barracks  
  33  8:26  SCV  
  34  8:27  SCV  
  34  8:29  SCV  
  34  8:31  Ghost  
  38  8:34  Missile Turret  
  38  8:38  Missile Turret, SCV  
  38  8:39  SCV  
  40  8:41  SCV  
  39  8:50  Ghost  
  39  8:51  SCV x2  
  39  8:53  SCV  
  44  8:59  Ghost  
  44  9:01  Command Center  
  44  9:02  SCV  
  47  9:03  SCV  
  47  9:05  Command Center  
  47  9:06  Command Center  
  47  9:09  Ghost Academy  
  48  9:10  Nuke  
  48  9:19  Nuke  
  48  9:20  Nuke  
  48  9:25  Barracks Tech Lab  
  48  9:28  Orbital Command  
  48  9:37  SCV  
  49  9:41  Nuke  
  49  9:45  Ghost Academy  
  49  9:49  SCV  
  50  10:01  SCV  
  51  10:18  Orbital Command  
  51  10:19  Orbital Command x2  
  49  10:28  Ghost x3  
  53  10:42  Command Center  
  53  10:57  Ghost x3  
  59  11:11  SCV  
  60  11:23  SCV  
  57  11:37  Missile Turret, Orbital Command  
  57  11:38  Missile Turret  
  57  11:41  Nuke x2  
  57  11:42  Nuke x3  
  57  11:56  Missile Turret  
  57  12:00  Missile Turret, Orbital Command  
  57  12:04  Command Center  
  57  12:22  Missile Turret  
  57  12:26  Missile Turret  
  57  12:28  Ghost Academy  
  57  12:41  Missile Turret  
  57  12:46  Missile Turret  
  55  13:01  Missile Turret  
  55  13:06  Missile Turret  
Show
View Real Time Build Order
Export as new Build Order

blackout Protoss 

Build Orders: Dark Templar Rush 

Get SALT Encoding   

  12  0:01  Probe (Chrono Boost)  
  13  0:12  Probe (Chrono Boost)  
  14  0:16  Probe (Chrono Boost)  
  15  0:29  Pylon  
  15  0:34  Assimilator  
  15  0:36  Assimilator  
  15  0:47  Probe  
  16  0:59  Probe (Chrono Boost)  
  18  1:11  Probe (Chrono Boost)  
  18  1:15  Gateway  
  18  1:20  Pylon  
  18  1:22  Probe (Chrono Boost)  
  18  1:23  Pylon  
  19  1:33  Probe  
  20  1:43  Forge  
  20  1:45  Probe  
  21  1:57  Probe  
  22  2:08  Cybernetics Core  
  22  2:11  Gateway  
  22  2:13  Pylon  
  22  2:23  Cybernetics Core  
  22  2:35  Gateway  
  22  2:41  Warp Gate (Chrono Boost)  
  22  2:48  Twilight Council  
  22  2:58  Photon Cannon  
  22  3:06  Gateway  
  22  3:09  Probe (Chrono Boost)  
  24  3:21  Probe (Chrono Boost)  
  24  3:26  Dark Shrine  
  24  3:50  Nexus  
  24  4:08  Probe  
  25  4:14  Assimilator  
  25  4:18  Pylon  
  25  4:21  Probe  
  25  4:22  Assimilator  
  26  4:33  Pylon  
  26  4:52  Dark Templar  
  26  4:53  Dark Templar x3  
  34  5:29  Dark Templar x2  
  34  5:30  Dark Templar  
  34  5:35  Probe x2  
  42  5:47  Probe x2  
  40  5:59  Probe (Chrono Boost), Dark Templar  
  40  6:00  Probe (Chrono Boost)  
  40  6:02  Dark Templar  
  46  6:11  Probe (Chrono Boost)  
  48  6:12  Probe (Chrono Boost)  
  48  6:16  Probe x2 (Chrono Boost)  
  51  6:25  Probe  
  51  6:37  Probe x2 (Chrono Boost), Charge (Chrono Boost)  
  53  6:46  Probe x2 (Chrono Boost)  
  55  6:50  Templar Archives  
  55  6:51  Probe (Chrono Boost)  
  55  6:52  Probe (Chrono Boost)  
  57  6:54  Pylon  
  57  6:59  Zealot  
  57  7:00  Zealot x3  
  65  7:06  Photon Cannon  
  65  7:24  Psionic Storm  
  61  7:32  Zealot x4  
  65  7:52  Gateway  
  65  7:53  Zealot x2  
  65  7:54  Gateway  
  65  7:57  Pylon, Gateway  
  65  7:58  Pylon  
  65  8:19  Zealot x4  
  71  9:02  Zealot  
  71  9:03  Zealot x3  
  74  9:40  Blink (Chrono Boost)  
  74  9:41  Stalker x3  
  74  9:42  Stalker x4  
  80  9:56  Protoss Ground Weapons Level 1 (Chrono Boost)  
  80  10:12  Pylon  
  80  10:13  Pylon  
  80  10:17  Pylon  
  80  10:18  Pylon  
  80  10:25  Pylon x2  
  80  10:26  Forge  
  80  10:29  Forge  
  80  10:31  Gateway  
  80  10:34  Gateway  
  80  10:35  Gateway  
  80  10:37  Gateway  
  80  10:40  Gateway  
  80  10:42  Pylon x2  
  80  10:48  Stalker  
  80  10:49  Stalker x6  
  94  11:26  Protoss Ground Armor Level 1 (Chrono Boost)  
  94  11:27  Protoss Shields Level 1 (Chrono Boost)  
  94  11:28  High Templar x6  
  57  12:12  Stalker x2  
  57  12:13  Stalker x4  
  57  12:14  Stalker x6  
  79  12:30  Archon x2  
  79  12:31  Archon  
  79  12:39  Pylon  
  79  12:45  Stalker x2  
  79  12:46  Stalker x3  
  79  12:47  Stalker x4  
Show
View Real Time Build Order
Export as new Build Order

IIIllIlIlIIl Terran 

Build Orders: Cyclone Opening, Mech 

Get SALT Encoding   

  12  0:01  SCV  
  13  0:13  SCV  
  14  0:25  SCV  
  15  0:30  Supply Depot  
  15  0:51  SCV  
  15  0:53  Barracks  
  16  0:57  Refinery  
  16  0:58  Refinery  
  16  1:03  SCV  
  17  1:15  SCV  
  18  1:28  SCV  
  19  1:40  SCV  
  20  1:55  Orbital Command  
  20  1:59  Barracks Reactor  
  20  2:00  Factory  
  20  2:06  Supply Depot  
  20  2:20  SCV  
  21  2:29  Supply Depot, Engineering Bay  
  21  2:32  SCV  
  22  2:44  SCV  
  23  2:51  Cyclone  
  23  2:52  Cyclone  
  23  2:57  SCV  
  30  2:59  Missile Turret  
  30  3:09  SCV  
  31  3:23  Cyclone  
  31  3:24  SCV, Cyclone  
  38  3:29  Supply Depot  
  38  3:32  Supply Depot  
  38  3:51  SCV  
  42  3:55  Supply Depot, Cyclone  
  42  3:56  Cyclone  
  45  4:03  SCV  
  46  4:27  SCV, Cyclone  
  46  4:28  Cyclone  
  46  4:30  Supply Depot  
  53  4:34  Supply Depot  
  53  4:59  Cyclone  
  47  5:22  Cyclone  
  47  5:24  SCV  
  47  5:27  Command Center  
  51  5:32  Hellion  
  53  5:36  Supply Depot, Factory  
  53  5:37  SCV  
  53  5:38  Supply Depot  
  40  5:50  SCV  
  40  5:53  Hellion  
  40  5:54  Cyclone  
  45  5:59  Supply Depot  
  45  6:00  Factory  
  42  6:12  Missile Turret  
  42  6:15  SCV  
  42  6:16  Barracks Tech Lab  
  43  6:25  Factory Tech Lab  
  43  6:27  SCV  
  43  6:30  Starport  
  44  6:37  Refinery  
  44  6:39  SCV  
  45  6:44  Orbital Command  
  45  6:50  Missile Turret  
  45  6:51  SCV  
  45  6:52  Refinery  
  46  7:03  SCV  
  46  7:05  Siege Tank  
  46  7:07  Factory Reactor  
  50  7:10  SCV  
  50  7:15  SCV  
  52  7:21  Armory  
  52  7:22  SCV  
  53  7:27  SCV, Armory  
  54  7:34  SCV  
  55  7:38  Supply Depot  
  55  7:39  Siege Tank, SCV  
  59  7:46  SCV  
  60  7:51  Siege Tank, SCV  
  60  7:52  Hellion  
  60  7:55  Hellion  
  68  7:58  SCV  
  68  8:03  SCV  
  70  8:11  Siege Tank  
  70  8:12  SCV  
  74  8:15  SCV  
  74  8:18  Hellion x2  
  74  8:23  Siege Tank  
  72  8:41  Terran Vehicle And Ship Armor Level 1, Terran Vehicle Weapons Level 1  
  72  8:43  Hellion x2, Siege Tank  
  79  8:56  Hellion  
  81  9:06  Hellion x2  
  81  9:08  SCV x2  
  87  9:13  Command Center  
  87  9:14  Supply Depot x2  
  87  9:15  Siege Tank  
  83  9:17  Siege Tank  
  83  9:20  SCV  
  82  9:27  Hellion  
  70  9:34  Widow Mine  
  68  9:38  SCV  
  69  9:47  Siege Tank  
  69  9:49  Siege Tank, Widow Mine  
  77  10:18  Widow Mine x2  
  77  10:19  Siege Tank, Viking x2  
  91  10:21  Siege Tank  
  91  10:25  Command Center  
  91  10:27  Orbital Command  
  91  10:29  Command Center  
  91  10:37  Missile Turret  
  91  10:41  Widow Mine x2  
  95  10:49  Viking x2  
  99  10:52  Siege Tank  
  99  10:54  Missile Turret  
  102  10:57  Missile Turret  
  102  10:59  Smart Servos  
  102  11:07  Infernal Pre-Igniter  
  102  11:20  Siege Tank  
  102  11:21  Hellion x2  
  89  12:12  Thor x2  
  89  12:13  Widow Mine x2, Viking  
  89  12:14  Viking  
  75  12:25  Orbital Command  
  75  12:26  Orbital Command  
  75  12:31  Missile Turret  
  75  12:32  Missile Turret x2  
  75  12:35  Missile Turret  
  75  12:36  Missile Turret  
  75  12:39  Missile Turret  
  75  12:40  Missile Turret x2  
  75  12:50  SCV  
Show
View Real Time Build Order
Export as new Build Order

sargento Terran 

Build Orders: Command Center First (CC) 

Get SALT Encoding   

  12  0:01  SCV  
  13  0:13  SCV  
  14  0:18  Supply Depot  
  14  0:25  SCV  
  15  0:39  SCV  
  16  0:51  SCV  
  17  1:06  Command Center  
  17  1:09  SCV  
  18  1:13  Refinery  
  18  1:21  SCV, Refinery  
  19  1:32  Barracks  
  19  1:36  SCV  
  20  1:48  SCV  
  20  1:52  Engineering Bay  
  21  2:00  SCV  
  22  2:12  SCV  
  23  2:20  Planetary Fortress  
  23  2:25  Orbital Command  
  23  2:35  Factory  
  23  2:40  Barracks Tech Lab  
  23  2:51  SCV  
  24  2:58  SCV  
  25  3:03  SCV  
  25  3:04  Hi-Sec Auto Tracking  
  26  3:07  Refinery  
  26  3:10  SCV  
  27  3:15  SCV, Refinery  
  28  3:21  Starport  
  28  3:22  SCV  
  29  3:27  SCV  
  30  3:34  SCV  
  31  3:43  SCV  
  31  3:45  Starport  
  31  3:46  SCV  
  33  3:54  Missile Turret  
  33  3:55  SCV  
  33  3:57  Barracks Tech Lab  
  33  3:58  SCV  
  33  4:00  Corvid Reactor  
  35  4:08  SCV  
  36  4:13  Supply Depot, SCV  
  37  4:22  Starport, SCV  
  38  4:28  Missile Turret  
  38  4:33  Supply Depot  
  38  4:35  SCV  
  38  4:37  Starport Tech Lab  
  39  4:43  SCV, Armory  
  40  4:47  Raven  
  42  4:56  SCV  
  42  4:59  Supply Depot, Raven  
  45  5:00  SCV  
  46  5:08  SCV  
  46  5:09  Raven  
  46  5:13  SCV  
  50  5:18  Supply Depot  
  50  5:20  SCV  
  51  5:25  SCV  
  51  5:26  Starport  
  52  5:32  Starport  
  52  5:33  SCV  
  53  5:39  SCV  
  54  5:46  Raven  
  56  5:53  SCV x2  
  56  5:56  Command Center, Factory Tech Lab  
  58  5:57  Barracks Tech Lab  
  58  6:09  SCV  
  58  6:10  SCV  
  60  6:28  Raven x2  
  64  6:35  SCV x2  
  66  6:46  Raven  
  68  6:49  SCV x2  
  68  6:53  Command Center  
  70  6:55  Command Center  
  70  6:57  Missile Turret  
  70  6:58  Missile Turret  
  70  7:01  Missile Turret  
  70  7:08  Supply Depot x2  
  70  7:09  Supply Depot, Raven  
  70  7:10  Supply Depot  
  70  7:12  Supply Depot  
  72  7:31  Raven  
  74  7:45  Raven  
  76  7:59  SCV x2  
  76  8:04  Supply Depot x2  
  78  8:06  Supply Depot  
  78  8:07  Supply Depot, Raven  
  78  8:09  Orbital Command  
  80  8:14  Terran Vehicle And Ship Armor Level 1  
  80  8:26  Orbital Command  
  80  8:39  Command Center, Raven  
  82  8:41  Command Center  
  82  8:42  Command Center  
  82  8:46  Command Center  
  82  8:53  Raven  
  84  9:14  Raven  
  86  9:17  Refinery  
  86  9:18  Refinery  
  86  9:32  Raven  
  86  9:38  SCV x3  
  90  9:39  SCV  
  90  9:43  Raven  
  94  9:59  Orbital Command x3  
  94  10:00  Orbital Command  
  94  10:02  Missile Turret x3  
  94  10:03  Missile Turret  
  94  10:04  Missile Turret  
  94  10:07  Missile Turret, Raven  
  94  10:08  Missile Turret  
  94  10:11  Missile Turret  
  94  10:12  Missile Turret  
  96  10:18  SCV x3  
  99  10:35  Raven x2  
  101  10:42  Missile Turret x2  
  103  10:43  Missile Turret x3  
  103  10:46  Planetary Fortress  
  103  10:47  Missile Turret x2  
  103  11:10  Raven x2  
  107  11:14  Raven  
  109  11:32  Command Center, Raven  
  111  11:33  Refinery  
  111  11:35  Refinery  
  111  11:39  Raven  
  113  12:01  Raven  
  115  12:18  Raven  
Tags
 
Add a new tag
Caveats
  • Supply blocks, unpowered buildings, or Contaminate may cause inaccurate times.
  • Supply counts are checked every 10 seconds.